 Dungeon Sprint DCSS version 0.31-a0-851-g7ff8af7976 (webtiles) character file.

Game seed: 10087878911782030594

1148 AiryTheDragon the Grappler (level 8, -7/90 HPs)
             Began as a Purple Draconian Shapeshifter on Oct 8, 2023.
             Was an Initiate of Jiyva.
             Mangled by a hornet (8 damage)
             ... in the Dungeon (Sprint I: "Red Sonja").
             The game lasted 00:07:26 (142 turns).

AiryTheDragon the Grappler (DrSh)                    Turns: 142, Time: 00:07:27

Health: -7/90      AC: 24    Str: 19    XL:     8   Next: 15%
Magic:  8/8        EV:  2    Int: 10    God:    Jiyva [......]
Gold:   170        SH:  0    Dex: 11    Spells: 7/7 levels left

rFire   . .          .
                       - Unarmed
rCold   . . .        (no shield)
rNeg    . . .        (body armour unavailable)
rPois   +            (helmet currently unavailable)
rElec   .            (cloak currently unavailable)
rCorr   .            (gloves currently unavailable)
SInv    .            (boots currently unavailable)
Will    +....        (no amulet)
Stlth   +            (no ring)
HPRegen 0.35/turn    (no ring)
MPRegen 0.11/turn

%: no teleportation
@: lethally poisoned (-7 -> -9), tree-form, slowed, very slow
A: stationary, stasis, torment immunity, boosted hp, (breathe power), AC +6,
unfitting armour, (cold-blooded)
a: Renounce Religion


You were in the Dungeon.
You worshipped Jiyva.
Jiyva was noncommittal.
You were a tree.
You visited 1 branch You collected 297 gold pieces.
You spent 127 gold pieces at shops.

Inventory:

Hand Weapons
 f - a +0 scythe
Missiles
 j - 3 poisoned darts
Talismans
 b - a beast talisman
 c - a flux talisman
Wands
 h - a wand of flame (8)
Scrolls
 i - a scroll of fear
 k - a scroll of fog
Potions
 g - 2 potions of magic


   Skills:
 + Level 1.7 Fighting
 + Level 5.3 Dodging
 + Level 11.1 Unarmed Combat
 * Level 8.0 Evocations
 + Level 10.7 Shapeshifting


You had 7 spell levels left.
You didn't know any spells.
Your spell library was empty.

Dungeon Overview and Level Annotations

Branches:
Dungeon (1/1)

Altars:
Cheibriados
Dithmenos
Elyvilon
Fedhas
Gozag
Hepliaklqana
Kikubaaqudgha
Makhleb
Nemelex Xobeh
Okawaru
Qazlal
Ru
Sif Muna
Trog
Uskayaw
Vehumet
Wu Jian
Xom
Yredelemnul
Zin
The Shining One
Jiyva
Lugonu

Shops:
D *


Innate Abilities, Weirdness & Mutations

You are a tree.
Your roots penetrate the ground, keeping you stationary.
You cannot be teleported.
You are immune to unholy pain and torment.
Your maximum health is greatly increased.
Your equipment is partially melded.
((You can breathe bolts of dispelling energy.))
((Your rich purple scales are hard. (AC +6)))
You cannot fit into any form of body armour.
((You are cold-blooded and may be slowed by cold attacks.))


Message History

The hornet stings you but does no damage.
You hit the hornet.
The hornet shudders as magic cascades through it.
The hornet twists and deforms.
The hornet is severely wounded.
You feel yourself speed up. The hornet stings you!
* * * LOW HITPOINT WARNING * * *
You are poisoned.
You feel yourself slow down.
You hear a distant slurping noise.
The hornet completely misses you.
You feel better.
You feel yourself speed up. The hornet stings you!
* * * LOW HITPOINT WARNING * * *
You are poisoned.
You feel yourself slow down.
You hear a distant slurping noise. x2
The hornet completely misses you.
You hit the hornet.
The hornet begins to glow.
The hornet is severely wounded.
You feel yourself speed up.
* * * LOW HITPOINT WARNING * * *
You feel very sick. The hornet stings you.
* * * LOW HITPOINT WARNING * * *
You feel yourself slow down. The hornet closely misses you.
Your transformation has ended.
You turn into a tree.
Your roots penetrate the ground.
* * * LOW HITPOINT WARNING * * *
You feel sick.
The hornet stings you but does no damage.
You hear a slurping noise.
The hornet stings you but does no damage.
You hit the hornet.
The hornet is almost dead.
* * * LOW HITPOINT WARNING * * *
You feel sick. The hornet stings you!
You die...

###################
#<.#.)'..#.['..#__#
#..'..#..'..#..'..+
#..#####'#####'#__# #
#..####..#...#♣####..#
#).#__####..##y#§~§..#
#..#_____##'#_c.§§§§
#⌠⌠#_.∩...†..._#~c§..#
####_..__##_.#'##.####
#_____###+#.# G.
####### ### ,##


You could see a centaur warrior (misshapen), a hornet (contam, misshapen) and a
neutral floating eye (wandering) (fellow slime).

Vanquished Creatures
  A centaur warrior (D)
  A slime creature (D)
  Sigmund (D)
  A yak (D)
  An ogre (D)
  Ijyb (D)
6 creatures vanquished.

Vanquished Creatures (others)
  2 floating eyes (D)
  3 necrophages (D)
  8 jellies (D)
13 creatures vanquished.

Grand Total: 19 creatures vanquished

Notes
Turn   | Place    | Note
-------+----------+-------------------------------------------
     0 | D        | AiryTheDragon the Draconian Shapeshifter began the quest
                  | for the Orb.
     0 | D        | Reached XP level 1. HP: 16/16 MP: 1/1
     3 | D        | Noticed Ijyb
     8 | D        | Killed Ijyb
     9 | D        | Reached skill level 4 in Unarmed Combat
     9 | D        | Reached XP level 2. HP: 23/23 MP: 2/2
    11 | D        | Noticed an ogre
    21 | D        | Killed an ogre
    22 | D        | Reached skill level 6 in Unarmed Combat
    22 | D        | Reached XP level 3. HP: 28/28 MP: 3/3
    22 | D        | Reached XP level 4. HP: 35/35 MP: 4/4
    42 | D        | Noticed Sigmund
    47 | D        | Killed Sigmund
    48 | D        | Reached skill level 7 in Unarmed Combat
    48 | D        | Reached XP level 5. HP: 35/40 MP: 5/5
    48 | D        | Reached XP level 6. HP: 41/47 MP: 6/6
    60 | D        | Found a burning altar of Makhleb.
    60 | D        | Found a viscous altar of Jiyva.
    60 | D        | Found a shimmering altar of Xom.
    60 | D        | Found a corrupted altar of Lugonu.
    60 | D        | Noticed a slime creature
    67 | D        | Killed a slime creature
    68 | D        | Reached skill level 9 in Unarmed Combat
    68 | D        | Reached skill level 5 in Evocations
    70 | D        | Became a worshipper of Jiyva Jyaluwn the Shapeless
    72 | D        | Found an ornate altar of the Wu Jian Council.
    72 | D        | Found a shimmering blue altar of Sif Muna.
    74 | D        | Found a radiant altar of Vehumet.
    79 | D        | Found Hinimorymy's General Store.
    79 | D        | Found an ancient bone altar of Kikubaaqudgha.
    79 | D        | Found a hazy altar of Hepliaklqana.
    79 | D        | Found a stormy altar of Qazlal.
    79 | D        | Found a hide-covered altar of Uskayaw.
    79 | D        | Found a blossoming altar of Fedhas.
    79 | D        | Found a bloodstained altar of Trog.
    79 | D        | Found an iron altar of Okawaru.
    79 | D        | Found a basalt altar of Yredelemnul.
    79 | D        | Found a glowing golden altar of the Shining One.
    79 | D        | Found a snail-covered altar of Cheibriados.
    79 | D        | Found a sacrificial altar of Ru.
    79 | D        | Found a glowing silver altar of Zin.
    79 | D        | Found a shadowy altar of Dithmenos.
    79 | D        | Found a white marble altar of Elyvilon.
    79 | D        | Noticed a yak
    82 | D        | Killed a yak
    83 | D        | Your scales start taking on a rich purple colour.
    83 | D        | Reached XP level 7. HP: 53/53 MP: 7/7
    84 | D        | Found an opulent altar of Gozag.
    98 | D        | Found a sparkling altar of Nemelex Xobeh.
   102 | D        | Bought a scroll of fear for 52 gold pieces
   102 | D        | Bought 3 poisoned darts for 23 gold pieces
   102 | D        | Bought a scroll of fog for 52 gold pieces
   115 | D        | Noticed a hornet
   115 | D        | Noticed a centaur warrior
   118 | D        | Noticed a centaur warrior
   133 | D        | Killed a centaur warrior
   134 | D        | Reached skill level 5 in Dodging
   134 | D        | Reached skill level 11 in Unarmed Combat
   134 | D        | Reached skill level 10 in Shapeshifting
   134 | D        | Reached XP level 8. HP: 13/60 MP: 8/8
   136 | D        | Noticed a shining eye
   140 | D        | HP: 2/60 [hornet (4)]
   142 | D        | Mangled by a hornet

Illustrated notes

Levels and vault maps discovered:
D:        dungeon_sprint_1 [red_sonja_temple_1, red_sonja_temple_small_1]

Skill      XL: |  1  2  3  4  5  6  7 |
---------------+----------------------+-----
Dodging        | 2 3 4 5 |  5.3
Unarmed Combat | 4 6 7 9 11 | 11.1
Shapeshifting  | 4 6 7 9 10 | 10.7
Evocations     | 2 4 6 8 |  8.0
Fighting       | |  1.7

Action                     |  1- 3 |  4- 6 |  7- 9 || total
---------------------------+-------+-------+-------++-------
  Melee: Unarmed           |     4 |    12 |    20 ||    36
         Tailslap          |       |     2 |     4 ||     6
Ability: Breathe Dispellin |       |       |     1 ||     1
  Evoke: Wand              |     6 |     1 |       ||     7
    Use: Potion            |     2 |       |     4 ||     6
         Scroll            |     1 |       |       ||     1
 Armour: Skin              |     1 |     4 |    28 ||    33
  Dodge: Dodged            |     3 |     4 |    18 ||    25
   Form: Flux              |       |     1 |       ||     1

Table legend: (Time is in decaauts)
 A = Elapsed time spent in this place.
 B = Non-inter-level travel time spent in this place.
 C = Inter-level travel time spent in this place.
 D = Time resting spent in this place.
 E = Time spent auto-exploring this place.
 F = Levels seen in this place.
 G = Mean time per level.
                   A        B        C        D        E       F      G
               +--------+--------+--------+--------+--------+-----+--------+
         Total |    132 |    126 |      6 |      0 |      0 |   1 |  132.0 |
       Dungeon |    132 |    126 |      6 |      0 |      0 |   1 |  132.0 |
               +--------+--------+--------+--------+--------+-----+--------+

Top non-repeatable levels by time:
       D: 132 daAuts
